 Dungeon Crawl Stone Soup version 0.21.1-1-g345015fe64 (webtiles) character file.

237 Mrkan the Shield-Bearer (level 6, 0/49 HPs)
             Began as a Formicid Fighter on May 6, 2018.
             Slain by a rat (3 damage)
             ... on level 3 of the Dungeon.
             The game lasted 00:03:18 (1689 turns).

Mrkan the Shield-Bearer (Formicid Fighter)          Turns: 1689, Time: 00:03:19

Health: 0/49       AC:  7    Str: 22    XL:     6   Next: 28%
Magic:  6/6        EV:  8    Int:  8    God:
Gold:   134        SH: 10    Dex: 10    Spells: 5/5 levels left

rFire    . . .     SeeInvis +   q - +0 scythe
rCold    . . .     Gourm    .   c - +0 shield
rNeg     . . .     Faith    .   b - +0 scale mail
rPois    .         Spirit   .   (helmet unavailable)
rElec    .         Reflect  .   (no cloak)
rCorr    .         Harm     .   (no gloves)
MR       .....                  (no boots)
Stlth    ..........             (no amulet)
HPRegen  0.16/turn              (no ring)
MPRegen  0.10/turn              (no ring)

@: lethally poisoned (0 -> -6)
A: permanent stasis, dig shafts and tunnels, four strong arms, antennae 3
a: Dig, Shaft Self


You were on level 3 of the Dungeon.
You were not hungry.

You visited 1 branch of the dungeon, and saw 3 of its levels.

You collected 134 gold pieces.

Inventory:

Hand Weapons
 a - a +0 trident
 q - a +0 scythe (weapon)
Armour
 b - a +0 scale mail (worn)
 c - a +0 shield (worn)
 e - a +2 hat
Jewellery
 g - an uncursed ring of poison resistance {unknown}
Scrolls
 i - 2 scrolls of identify {unknown}
 j - 2 scrolls of enchant armour {unknown}
 k - a scroll of amnesia {unknown}
 n - a scroll of remove curse {unknown}
 s - a scroll of fog {unknown}
Potions
 d - 2 potions of might
 h - a potion of brilliance {unknown}
 l - a potion of agility {unknown}
 m - a potion of heal wounds {unknown}
 p - a potion of invisibility
 r - a potion of flight {unknown}
Comestibles
 f - 2 rations


   Skills:
 + Level 4.5 Fighting
 + Level 3.4 Polearms
 + Level 4.6 Armour
 + Level 5.0 Shields


You had 5 spell levels left.
You didn't know any spells.

Dungeon Overview and Level Annotations

Branches:
Dungeon (3/15)

Altars:

Annotations:
D:3 Robin


Innate Abilities, Weirdness & Mutations

You cannot be hasted, slowed, berserked, paralysed or teleported.
You can dig through walls and to a lower floor.
Your four strong arms can wield two-handed weapons with a shield.
You have a pair of large antennae on your head. (SInv)


Message History

Robin roars a battlecry!
The goblins go into a battle-frenzy!
You block the adder's attack. The goblin hits you but does no damage.
The adder barely misses you. You block the rat's attack.
The goblin hits you but does no damage. The adder barely misses you.
You miss the adder.
The adder is severely wounded.
* * * LOW HITPOINT WARNING * * *
You feel sick. The adder closely misses you. You block the goblin's attack.
The adder bites you but does no damage. You block the rat's attack.
The goblin barely misses you. The adder barely misses you.
You block the goblin's attack. The adder barely misses you.
The rat bites you but does no damage. The goblin hits you but does no damage.
The adder bites you but does no damage.
You miss the adder.
The adder is severely wounded.
* * * LOW HITPOINT WARNING * * *
You feel sick. The adder bites you but does no damage.
You block the adder's attack. You block the goblin's attack. The rat bites you.
You die...

#.......#
#.#.......###
#.#.........# {
#.......#####
##......# #......#
########..#'##
#gggg.....#.#
#@Sgg.......#
#Srg.....?..#
#..grgg#####.......
#...gb.# ##..####
#....$... { ..>#
#.......#. ..###
#.......#.. ..
#.......# ....


You could see Robin, 2 adders, a hobgoblin, 9 goblins, a bat and 2 rats.

Vanquished Creatures
  Sigmund (D:2)
  3 adders (D:2)
  A dart slug (D:2)
  2 leopard geckos
  3 giant cockroaches
  7 goblins
  7 hobgoblins
  4 jackals (D:1)
  3 ball pythons
  5 bats
  A frilled lizard (D:2)
  6 kobolds
  2 rats
45 creatures vanquished.

Notes
Turn   | Place    | Note
-------+----------+-------------------------------------------
     0 | D:1      | Mrkan the Formicid Fighter began the quest for the Orb.
     0 | D:1      | Reached XP level 1. HP: 18/18 MP: 1/1
   122 | D:1      | Reached XP level 2. HP: 24/24 MP: 2/2
   329 | D:1      | Reached XP level 3. HP: 29/29 MP: 3/3
   554 | D:2      | Reached skill level 4 in Shields
   949 | D:2      | Reached XP level 4. HP: 33/37 MP: 4/4
   996 | D:2      | Noticed Sigmund
  1012 | D:2      | Killed Sigmund
  1012 | D:2      | Reached skill level 5 in Shields
  1012 | D:2      | Reached XP level 5. HP: 20/43 MP: 5/5
  1012 | D:2      | Reached XP level 6. HP: 22/49 MP: 6/6
  1662 | D:3      | Noticed Robin
  1689 | D:3      | Slain by a rat

Skill      XL: |  1  2  3  4 |
---------------+-------------+-----
Shields        | 4 5 |  5.0
Fighting       | 4 |  4.5
Polearms       | 3 |  3.4
Armour         | 4 |  4.6

Action                   |  1- 3 |  4- 6 || total
-------------------------+-------+-------++-------
Melee: Trident           |    98 |    25 ||   123
       Scythe            |       |    61 ||    61
  Eat: Chunk             |       |     3 ||     3
Armor: Scale mail        |    49 |   103 ||   152
Dodge: Dodged            |    27 |    76 ||   103
Block: Shield            |    62 |   101 ||   163
